Map: Frozen Temple

Players

MorN - Winner!

  • Race: Terran Terran
  • League: Master

Mariuslol

  • Race: Zerg Zerg
  • League: Master

VOD

Have the link to the VOD?

Description

Time

  • Played on: April 13, 2016, 3:55 a.m.
  • Length: 17:38
Show
View Real Time Build Order
Export as new Build Order

MorN Terran - Winner!

Build Orders: Reaper Expand, MMM Bio 

Get SALT Encoding   

  12  0:00  SCV  
  13  0:13  SCV  
  14  0:17  Supply Depot  
  14  0:25  SCV  
  15  0:39  SCV, Barracks  
  16  0:44  Refinery  
  16  0:51  SCV  
  17  1:04  SCV  
  18  1:16  SCV  
  19  1:27  Reaper  
  19  1:29  Orbital Command  
  20  1:41  Command Center  
  20  1:55  SCV, Supply Depot  
  20  2:00  Reaper, Refinery  
  22  2:09  SCV  
  23  2:21  SCV  
  23  2:22  Factory  
  24  2:34  SCV  
  25  2:44  Barracks Reactor  
  25  2:46  SCV  
  26  2:56  Orbital Command  
  26  2:58  SCV  
  27  3:10  SCV  
  28  3:22  SCV  
  28  3:24  SCV  
  28  3:26  Factory Tech Lab, Starport  
  30  3:27  Marine x2  
  32  3:34  SCV  
  32  3:36  SCV, Supply Depot  
  32  3:40  Bunker  
  34  3:46  SCV  
  34  3:48  SCV  
  35  3:57  Barracks  
  35  3:58  SCV  
  35  3:59  Factory Tech Lab  
  36  4:06  SCV  
  37  4:10  SCV, Engineering Bay  
  37  4:11  Banshee, Engineering Bay, Barracks, Cloaking Field  
  37  4:15  Barracks Reactor  
  41  4:18  SCV  
  41  4:19  Supply Depot  
  41  4:22  SCV  
  43  4:28  Factory Reactor  
  43  4:30  SCV  
  44  4:35  SCV, Barracks  
  44  4:36  Barracks  
  44  4:43  SCV  
  44  4:44  Supply Depot  
  44  4:45  Terran Infantry Weapons Level 1, Terran Infantry Armor Level 1  
  45  4:47  SCV  
  45  4:50  Refinery  
  45  4:52  Refinery  
  46  4:53  Marine x2  
  46  4:58  Stimpack  
  46  4:59  Marine x2  
  50  5:02  SCV  
  50  5:04  SCV  
  52  5:14  SCV  
  52  5:16  SCV  
  52  5:18  Marine x3  
  52  5:19  Supply Depot, Factory Reactor  
  57  5:26  SCV  
  57  5:28  SCV  
  59  5:33  Barracks Reactor  
  59  5:34  Marine x2  
  61  5:37  Marine x3  
  61  5:38  SCV  
  61  5:40  SCV, Supply Depot  
  61  5:41  Medivac x2, Marine  
  71  5:50  SCV  
  71  5:52  Supply Depot  
  71  5:53  Supply Depot  
  72  6:02  Marine x3  
  75  6:05  Marine x4  
  75  6:06  Armory  
  79  6:13  Medivac x2  
  79  6:14  Marine x2  
  85  6:20  Marine x2  
  87  6:27  Marine x3  
  87  6:32  Supply Depot x2  
  90  6:33  Supply Depot  
  90  6:34  Supply Depot, Marine  
  90  6:35  Marine x2  
  90  6:39  Marine  
  94  6:41  Siege Tank  
  94  6:46  Marine x3  
  100  6:58  Combat Shields  
  100  7:00  Marine x4  
  104  7:06  Marine x2  
  106  7:13  Siege Tank  
  106  7:14  Marine  
  97  7:30  Marine  
  98  7:42  Marine  
  98  7:43  Marauder, Marine x2  
  98  7:46  Marine x2  
  98  7:47  Siege Tank, Medivac x2  
  102  8:00  Marine x2  
  102  8:02  Marine x2  
  102  8:03  Terran Infantry Weapons Level 2, Terran Infantry Armor Level 2  
  102  8:05  Marauder  
  107  8:17  Medivac x2  
  111  8:20  Marine  
  111  8:26  Marauder  
  114  8:29  Marine x2  
  116  8:36  Marine x2  
  116  8:37  Siege Tank  
  116  8:46  Command Center  
  116  8:47  Marauder, Medivac x2  
  120  8:56  Marine x2  
  120  8:57  Marine  
  120  8:59  Terran Vehicle Weapons Level 1  
  120  9:00  Supply Depot  
  123  9:03  Marine x2  
  123  9:06  Marine x2  
  123  9:09  Marauder  
  129  9:13  SCV  
  79  9:17  Medivac  
  127  9:19  Marine x2  
  129  9:26  Marine x2  
  129  9:29  Marine x2  
  129  9:30  Marauder  
  135  9:35  Marine  
  135  9:36  Siege Tank  
  135  9:49  Marine  
  135  9:52  Marauder  
  132  9:53  Marine  
  133  10:13  Marauder  
  109  10:17  Marine x2  
  109  10:20  Marine x3  
  114  10:22  Orbital Command  
  114  10:34  Marauder  
  115  10:36  Medivac x2, Marine  
  115  10:37  Marine x2  
  115  10:38  Terran Infantry Armor Level 3, Terran Infantry Weapons Level 3  
  107  10:45  Marine  
  107  10:46  Marine  
  104  10:50  Marine x2  
  104  10:56  Marauder  
  107  10:58  Marine  
  107  10:59  Marine x2  
  107  11:02  Marine  
  107  11:03  Terran Vehicle Weapons Level 2, Marine x2  
  113  11:04  Siege Tank  
  113  11:08  Marine x2  
  116  11:16  Marine x2  
  116  11:17  Marauder, Marine  
  121  11:19  Marine  
  121  11:21  Marine  
  121  11:22  Missile Turret  
  123  11:26  Orbital Command, Marine x3  
  123  11:34  Marine  
  123  11:39  Marauder  
  117  11:43  Marine  
  117  11:44  Marine x3  
  102  11:56  Marine x2  
  102  11:57  Marine x2  
  102  12:00  Marauder  
  108  12:01  Marine  
  108  12:05  Marine x3  
  111  12:12  Siege Tank  
  111  12:14  Marine  
  115  12:21  Marauder  
  99  12:24  Marine  
  99  12:28  Marine x2  
  99  12:29  Marine x2  
  98  12:33  Marine  
  95  12:41  Marine  
  95  12:43  Marine x2  
  96  12:44  Siege Tank  
  96  12:49  Marine x2  
  94  12:56  Marine x2  
  94  12:58  Orbital Command  
  82  13:16  Siege Tank  
  82  13:17  Marine x5  
  55  13:21  Marine x2  
  55  13:25  Marine x2  
  51  13:33  Medivac x2  
  49  13:35  Marine x5  
  49  13:38  SCV x3  
  57  13:47  Marine  
  58  13:49  Siege Tank  
  58  13:50  SCV  
  62  13:59  Marine x2  
  64  14:03  Medivac  
  64  14:07  Marine  
  64  14:08  Marine  
  64  14:09  Marine  
  67  14:18  Marine  
  67  14:21  Siege Tank  
  67  14:25  SCV  
  68  14:41  Missile Turret  
  68  14:43  Marine  
  68  14:44  Marine  
  61  14:53  Marine  
  61  14:54  Marine x3  
  61  14:56  Siege Tank  
  61  14:58  Marine x3  
  63  15:02  Marine  
  64  15:14  Marine x2  
  66  15:25  Marine x3  
  66  15:27  Marine x3  
  61  15:29  Siege Tank  
  52  15:48  Marine x3  
  52  15:49  Marine x4  
  54  15:54  Marine  
  57  16:00  Medivac  
  57  16:03  SCV  
  60  16:11  Marine  
  59  16:24  Marine  
  59  16:25  Marine  
  55  16:26  Marine x3  
  55  16:27  Medivac  
  60  16:36  Marine x2  
  60  16:37  Medivac, Marine x2  
  65  16:42  Marine  
  65  16:45  Marine x2  
  68  16:48  Marine  
  68  16:51  SCV  
  68  16:53  Marine  
  71  16:55  Marine  
  71  16:59  SCV  
  71  17:00  SCV  
  74  17:03  SCV  
Show
View Real Time Build Order
Export as new Build Order

Mariuslol Zerg 

Build Orders: Hatch First, Muta Ling Bane 

Get SALT Encoding   

  12  0:01  Drone  
  13  0:14  Overlord  
  13  0:18  Drone  
  14  0:25  Extractor  
  14  0:26  Drone  
  15  0:33  Drone  
  16  0:37  Drone  
  17  0:58  Hatchery  
  17  1:01  Drone x2  
  18  1:17  Spawning Pool  
  17  1:19  Extractor  
  17  1:20  Drone  
  17  1:23  Drone  
  18  1:29  Drone  
  19  1:41  Overlord  
  19  2:04  Zergling x4, Queen  
  23  2:10  Queen  
  23  2:11  Zergling x2  
  23  2:12  Drone  
  27  2:21  Metabolic Boost  
  28  2:22  Drone  
  28  2:35  Drone x2  
  29  2:40  Queen  
  31  2:44  Drone  
  31  2:48  Queen  
  35  2:51  Drone  
  35  2:57  Overlord  
  35  3:08  Overlord  
  33  3:13  Drone x2  
  33  3:14  Drone  
  33  3:16  Drone x2  
  33  3:17  Drone  
  37  3:24  Drone  
  38  3:27  Drone  
  38  3:29  Drone  
  38  3:30  Drone x2  
  42  3:40  Drone  
  42  3:52  Drone, Extractor  
  42  3:53  Extractor  
  42  3:54  Extractor  
  40  3:57  Drone x2  
  40  3:58  Drone  
  40  3:59  Drone x5  
  48  4:03  Drone  
  49  4:10  Overlord  
  49  4:19  Hatchery  
  49  4:23  Drone x3  
  51  4:26  Overlord  
  51  4:32  Drone  
  51  4:33  Drone x4  
  51  4:34  Lair  
  51  4:35  Drone  
  51  4:37  Spore Crawler  
  56  4:39  Drone, Spore Crawler  
  56  4:49  Baneling Nest  
  55  4:55  Overlord  
  55  4:57  Zergling x4  
  57  5:09  Overlord  
  57  5:10  Zergling x12  
  63  5:23  Overlord x2  
  63  5:28  Overlord  
  63  5:35  Queen  
  65  5:39  Spire  
  65  5:41  Drone  
  65  5:42  Drone x8  
  73  5:47  Spore Crawler  
  71  5:53  Overlord  
  71  5:58  Overseer  
  71  6:01  Overlord  
  71  6:02  Drone x3  
  71  6:03  Drone x2  
  76  6:07  Drone x2  
  78  6:15  Spore Crawler  
  76  6:19  Drone x5  
  81  6:35  Overlord  
  81  6:39  Extractor  
  80  6:40  Extractor  
  79  6:51  Mutalisk x8  
  79  6:52  Mutalisk x2  
  99  7:01  Drone x4  
  102  7:05  Hatchery  
  102  7:08  Drone, Evolution Chamber  
  102  7:09  Drone  
  102  7:12  Evolution Chamber  
  102  7:18  Mutalisk  
  100  7:33  Mutalisk x5  
  110  7:51  Zerg Melee Weapons Level 1  
  108  7:55  Hatchery  
  108  7:57  Zerg Ground Armor Level 1  
  107  8:01  Mutalisk  
  107  8:02  Zergling x2  
  107  8:03  Zergling x8  
  103  8:14  Centrifical Hooks  
  103  8:18  Zergling x2  
  103  8:19  Zergling x4  
  106  8:24  Zergling x2  
  106  8:26  Hatchery  
  106  8:28  Zergling x4  
  106  8:31  Zergling x6  
  103  8:43  Mutalisk  
  103  8:44  Zergling x2  
  103  8:45  Zergling x6  
  103  8:47  Zergling x2  
  108  8:54  Zergling x6  
  108  8:55  Zergling x2  
  112  9:00  Zergling x2, Mutalisk x2  
  117  9:04  Zergling x2  
  117  9:09  Spine Crawler  
  114  9:10  Mutalisk  
  114  9:11  Zergling x8  
  114  9:12  Zergling x2  
  114  9:16  Zergling x2  
  116  9:17  Zergling x2  
  116  9:18  Zergling x2  
  116  9:28  Mutalisk  
  116  9:29  Zergling x2  
  116  9:30  Zergling x10  
  122  9:31  Baneling x9  
  122  9:32  Baneling x2  
  122  9:44  Zergling x2  
  122  9:45  Zergling x8  
  124  9:47  Zergling x4  
  120  9:52  Zergling x2  
  120  9:53  Zergling x4  
  120  9:55  Mutalisk  
  120  9:59  Zergling x4  
  126  10:00  Zergling x4  
  126  10:01  Zergling x6  
  124  10:09  Zergling x8  
  112  10:14  Mutalisk  
  112  10:15  Zergling x2  
  112  10:20  Baneling x7  
  115  10:21  Baneling  
  115  10:22  Zergling x4  
  115  10:24  Zergling x2  
  115  10:27  Extractor  
  118  10:28  Zergling x4, Extractor  
  109  10:36  Zergling x6  
  109  10:42  Mutalisk  
  95  10:43  Zergling x2  
  95  10:50  Mutalisk  
  95  10:51  Zergling x12  
  95  10:52  Evolution Chamber, Zergling x4  
  104  10:58  Zergling x2  
  104  11:17  Hatchery  
  104  11:18  Zerg Melee Weapons Level 2  
  103  11:20  Zergling x28  
  118  11:32  Zergling x2  
  118  11:33  Zergling x14  
  118  11:38  Zergling x2  
  121  11:41  Baneling x12  
  121  11:42  Baneling x6  
  121  11:43  Zergling x2, Baneling x3  
  115  11:51  Zergling x16  
  114  12:00  Baneling x8  
  108  12:02  Baneling  
  108  12:05  Zergling x2  
  108  12:06  Zergling x10  
  108  12:07  Zergling x2  
  95  12:16  Zergling x2  
  95  12:17  Zergling x8  
  88  12:24  Drone  
  88  12:25  Drone x2  
  88  12:26  Drone  
  90  12:34  Drone  
  90  12:35  Drone x2  
  79  12:49  Zergling x14  
  85  12:58  Baneling x5  
  83  12:59  Zergling x2  
  83  13:00  Zergling x2  
  73  13:15  Zergling x14  
  61  13:23  Zergling x6  
  61  13:26  Zergling x2  
  60  13:27  Zergling x2  
  60  13:33  Zergling x6  
  64  13:38  Zergling x2  
  64  13:55  Zergling x6  
  64  13:56  Zergling x4  
  64  13:57  Baneling x2  
  68  14:06  Zergling x4  
  70  14:11  Zergling x4  
  70  14:15  Zergling x6  
  67  14:18  Zergling x2  
  67  14:19  Zergling x2  
  67  14:21  Zergling x2  
  64  14:26  Zergling x4  
  66  14:34  Zergling x6  
  66  14:38  Zergling x4  
  71  14:50  Zergling x12  
  65  15:02  Extractor  
  65  15:05  Baneling x2  
  65  15:06  Baneling x6  
  62  15:13  Zergling x6  
  50  15:28  Zergling x2  
  50  15:29  Zergling x14  
  50  15:35  Zergling x2  
  59  15:37  Zergling x4  
  59  15:40  Zergling x4  
  60  15:45  Zergling x4  
  60  15:46  Zergling x2  
  60  15:48  Zergling x2  
  57  15:57  Zergling x6  
  56  16:14  Zergling x14  
  55  16:18  Zergling x2  
  51  16:27  Zergling x4  
  53  16:34  Zergling x2  
  52  16:40  Zergling x4  
  52  16:46  Baneling x5  
  52  16:47  Baneling x4  
  52  16:50  Baneling x9  
  52  17:09  Hatchery  
  49  17:19  Zergling x2  
  49  17:20  Zergling x8  
Tags
 
Add a new tag
Caveats
  • Supply blocks, unpowered buildings, or Contaminate may cause inaccurate times.
  • Supply counts are checked every 10 seconds.